Map: Zen LE

Players

LiquidMaNa (MaNa)

  • Race: Protoss Protoss
  • League: Master
  • Spawn Location: 7:00

Trap - Winner!

  • Race: Protoss Protoss
  • Spawn Location: 1:00

Event: Shopify TSL 5

VOD

Have the link to the VOD?

Description

Time

  • Played on: May 24, 2020, 7:16 a.m.
  • Length: 12:59

All games in this series

Show
View Real Time Build Order
Export as new Build Order

LiquidMaNa Protoss 

Build Orders: Phoenix Opening 

Get SALT Encoding   

  12  0:00  Probe  
  13  0:12  Probe  
  14  0:18  Pylon  
  14  0:24  Probe (Chrono Boost)  
  15  0:37  Probe (Chrono Boost), Gateway  
  16  0:45  Probe (Chrono Boost)  
  16  0:46  Assimilator  
  17  0:51  Probe  
  17  0:55  Assimilator  
  18  1:03  Probe (Chrono Boost)  
  19  1:13  Probe (Chrono Boost)  
  19  1:14  Gateway  
  19  1:18  Probe (Chrono Boost)  
  20  1:25  Cybernetics Core  
  21  1:37  Probe  
  21  1:38  Pylon  
  22  1:49  Probe  
  23  2:01  Adept x2  
  23  2:02  Warp Gate  
  27  2:08  Stargate  
  27  2:13  Probe  
  28  2:19  Pylon  
  28  2:27  Shield Battery  
  28  2:34  Probe  
  28  2:35  Robotics Facility  
  29  2:54  Phoenix (Chrono Boost)  
  32  2:58  Probe  
  31  3:05  Pylon  
  29  3:14  Phoenix  
  27  3:21  Probe (Chrono Boost)  
  26  3:33  Probe (Chrono Boost)  
  27  3:39  Phoenix  
  29  3:43  Probe (Chrono Boost)  
  30  3:54  Probe  
  31  4:06  Probe  
  32  4:15  Nexus  
  32  4:18  Probe  
  33  4:30  Probe  
  32  4:40  Immortal  
  32  4:42  Probe  
  37  4:48  Pylon  
  37  4:54  Probe  
  38  5:00  Pylon  
  38  5:07  Probe  
  39  5:12  Sentry x2  
  43  5:19  Probe (Chrono Boost)  
  43  5:20  Observer  
  47  5:30  Probe x2 (Chrono Boost)  
  45  5:37  Probe (Chrono Boost)  
  45  5:38  Probe (Chrono Boost)  
  45  5:42  Probe (Chrono Boost)  
  47  5:44  Immortal  
  47  5:47  Probe  
  53  5:54  Probe  
  54  5:58  Robotics Bay  
  54  5:59  Probe  
  54  6:02  Assimilator  
  55  6:06  Probe (Chrono Boost)  
  55  6:07  Assimilator  
  57  6:14  Probe (Chrono Boost)  
  58  6:18  Phoenix  
  58  6:19  Probe (Chrono Boost)  
  58  6:21  Pylon  
  61  6:26  Probe x2 (Chrono Boost)  
  62  6:33  Probe  
  62  6:35  Probe  
  64  6:41  Colossus (Chrono Boost)  
  64  6:42  Pylon  
  70  6:47  Probe x2  
  72  6:54  Phoenix  
  72  6:55  Zealot x2  
  72  7:00  Pylon  
  78  7:10  Probe x2  
  80  7:19  Shield Battery  
  80  7:21  Shield Battery  
  80  7:25  Disruptor (Chrono Boost), Zealot x2  
  80  7:28  Gateway  
  85  7:31  Gateway  
  85  7:38  Shield Battery  
  85  7:43  Shield Battery  
  85  7:51  Zealot  
  79  7:58  Zealot  
  79  7:59  Colossus (Chrono Boost)  
  74  8:12  Probe  
  74  8:17  Probe, Zealot  
  69  8:27  Zealot  
  70  8:34  Probe x2  
  70  8:41  Zealot  
  73  8:47  Pylon  
  73  8:49  Gateway, Zealot  
  72  9:24  Zealot x2  
  74  9:25  Immortal  
  74  9:28  Extended Thermal Lance  
  70  9:33  Observer  
  61  9:42  Pylon  
  55  9:45  Probe  
  55  9:46  Probe  
  57  9:56  Phoenix (Chrono Boost)  
  57  9:57  Probe  
  57  9:58  Probe  
  61  10:03  Colossus  
  61  10:04  Pylon, Stalker x2  
  71  10:10  Probe x2  
  73  10:15  Twilight Council  
  73  10:18  Observer  
  73  10:23  Probe  
  75  10:29  Phoenix (Chrono Boost)  
  75  10:33  Probe  
  77  10:39  Probe  
  78  10:45  Probe  
  78  10:49  Stalker  
  78  11:03  Templar Archives  
  78  11:17  Warp Prism (Chrono Boost)  
  74  11:41  High Templar x2  
  74  11:45  Archon  
  71  12:13  High Templar x2  
  73  12:17  Archon  
  73  12:39  High Templar x2  
  73  12:44  Archon  
Show
View Real Time Build Order
Export as new Build Order

Trap Protoss - Winner!

Build Orders: Zealot Archon 

Get SALT Encoding   

  12  0:00  Probe  
  13  0:12  Probe  
  14  0:17  Pylon  
  14  0:24  Probe (Chrono Boost)  
  15  0:36  Probe (Chrono Boost)  
  15  0:37  Gateway  
  16  0:44  Probe (Chrono Boost)  
  16  0:46  Assimilator  
  17  0:51  Probe  
  17  0:54  Assimilator  
  18  1:03  Probe (Chrono Boost)  
  19  1:07  Gateway  
  19  1:13  Probe (Chrono Boost)  
  19  1:17  Probe (Chrono Boost)  
  20  1:24  Cybernetics Core  
  21  1:29  Probe  
  22  1:34  Pylon  
  22  1:41  Probe  
  23  1:54  Probe  
  24  1:57  Warp Gate (Chrono Boost)  
  24  2:00  Adept x2  
  28  2:07  Pylon  
  28  2:30  Sentry x2  
  32  2:37  Nexus  
  32  2:44  Shield Battery  
  32  2:56  Stalker  
  32  2:57  Sentry  
  35  2:59  Probe  
  36  3:13  Robotics Facility  
  36  3:14  Probe  
  37  3:26  Probe  
  36  3:27  Pylon  
  34  3:38  Probe (Chrono Boost), Stalker  
  34  3:39  Stalker  
  40  3:49  Probe (Chrono Boost)  
  40  3:53  Probe (Chrono Boost)  
  42  3:58  Probe (Chrono Boost)  
  42  4:00  Probe (Chrono Boost)  
  42  4:01  Observer  
  44  4:04  Stalker  
  44  4:05  Probe (Chrono Boost)  
  47  4:11  Stalker  
  47  4:14  Probe  
  47  4:16  Probe  
  51  4:25  Shield Battery  
  51  4:28  Stalker  
  51  4:30  Probe x2  
  55  4:38  Stalker  
  55  4:42  Probe (Chrono Boost)  
  56  4:46  Forge, Probe (Chrono Boost)  
  56  4:48  Pylon  
  57  4:53  Probe (Chrono Boost)  
  57  4:57  Probe (Chrono Boost)  
  57  4:58  Probe (Chrono Boost)  
  59  5:06  Probe, Shield Battery  
  60  5:11  Probe, Assimilator  
  60  5:12  Assimilator  
  61  5:18  Probe, Stalker, Protoss Ground Weapons Level 1 (Chrono Boost)  
  61  5:20  Stalker  
  66  5:24  Probe  
  67  5:30  Probe  
  67  5:31  Pylon  
  67  5:33  Pylon  
  68  5:37  Probe  
  68  5:42  Probe  
  70  5:43  Gateway  
  70  5:45  Twilight Council  
  70  6:03  Pylon  
  70  6:07  Gateway  
  70  6:09  Gateway  
  70  6:17  Gateway  
  70  6:18  Warp Prism (Chrono Boost)  
  70  6:19  Charge (Chrono Boost), Gateway  
  70  6:24  Templar Archives  
  72  6:35  Gateway  
  72  6:41  Zealot x3  
  72  6:44  Pylon  
  78  6:49  Gateway  
  78  6:52  Warp Prism (Chrono Boost)  
  80  6:59  Observer  
  80  7:05  High Templar x3  
  80  7:06  High Templar  
  88  7:10  Photon Cannon  
  88  7:12  Archon x2  
  86  7:18  Warp Prism (Chrono Boost)  
  88  7:25  Zealot x3  
  94  7:30  Zealot  
  95  7:38  Probe x2  
  95  7:39  Stargate  
  90  7:51  Zealot x2  
  90  7:53  Zealot x2  
  90  7:56  Zealot  
  90  7:57  Zealot  
  82  8:11  Zealot x3  
  60  8:22  Phoenix (Chrono Boost)  
  56  8:27  High Templar  
  56  8:28  High Templar x3  
  56  8:32  Archon  
  56  8:33  Archon  
  56  8:34  Zealot x4  
  68  8:38  Phoenix  
  72  9:03  Phoenix (Chrono Boost)  
  72  9:05  Zealot x5  
  72  9:06  Zealot  
  84  9:22  Phoenix (Chrono Boost)  
  78  9:38  Phoenix  
  66  9:39  Observer  
  66  10:00  Nexus  
  66  10:03  Phoenix  
  66  10:05  High Templar x2  
  66  10:06  High Templar x2, Zealot x4  
  84  10:08  Pylon  
  84  10:11  Archon x2  
  84  10:14  Protoss Ground Weapons Level 2 (Chrono Boost)  
  84  10:28  Observer, Phoenix (Chrono Boost)  
  87  10:38  Probe x2  
  87  10:39  Pylon  
  89  10:44  Pylon  
  89  10:49  Phoenix (Chrono Boost)  
  93  10:57  Probe x2  
  93  11:04  Immortal (Chrono Boost)  
  93  11:08  Phoenix  
  99  11:12  Probe x2  
  99  11:13  Probe  
  101  11:23  Sentry, Zealot x2  
  107  11:33  Immortal (Chrono Boost)  
  111  11:47  Zealot  
  111  11:48  Zealot x3  
  111  11:51  Assimilator  
  111  11:52  Assimilator  
  111  11:53  Probe x2  
  119  12:04  Immortal (Chrono Boost)  
  119  12:08  High Templar x2  
  125  12:09  Zealot x2  
  131  12:15  Archon  
  131  12:16  Zealot x2  
  131  12:20  Zealot  
  131  12:21  Zealot  
  139  12:33  Pylon  
  139  12:41  Pylon  
  141  12:50  Zealot x4  
  141  12:51  Zealot x2  
Tags
 
Composition
Zealot Archon
League
Master
Matchup
PvP
Player
MaNaTrap
Spawn Locations
Cross Positions
Add a new tag
Caveats
  • Supply blocks, unpowered buildings, or Contaminate may cause inaccurate times.
  • Supply counts are checked every 10 seconds.